AoeStats
← [GDL] Maldito Pantoja

Black Forest

508343406Analyzed
4v4 RM · 10d ago on Sep 22, 2026· 48m 26s· 8 players
Game mode
Random Map
Map size
Large (8 player)
Population
200
Speed
Normal
Resources
Standard
Victory
Conquest
Starting age
Dark Age
Ending age
Imperial Age
RankedLock teamsTeams togetherTeam positionsShared explorationLock speedFull tech treeHidden civsTurbo modeCheats
Victory
Defeat
🇵🇪 Bengalis · Peru
1140
+14
🇩🇪 Britons · Germany
1119
+15
🇨🇳 Khmer · China
1086
+16
🇫🇷 Franks · France
1052
+18
🇲🇽 Saracens · Mexico
1175
-19
🇧🇷 Persians · Brazil
1078
-15
🇲🇽 Portuguese · Mexico
1073
-15
🇦🇷 Georgians · Argentina
1054
-14
CryZon
0:53 Loom
12:59 Feudal Age
13:35 Double-Bit Axe
13:32 Horse Collar
15:59 Wheelbarrow
15:10 Town Watch
21:23 Castle Age
23:40 Heavy Plow
23:55 Bow Saw
34:27 Imperial Age
32:29 Masonry
33:14 Fletching
33:24 Padded Archer Armor
33:48 Ballistics
33:56 Yeomen
34:34 Bodkin Arrow
34:54 Leather Archer Armor
34:40 Scale Mail Armor
34:50 Forging
34:47 Scale Barding Armor
35:03 Squires
34:48 Arson
34:24 Pikeman
36:30 Two-Man Saw
35:52 Hand Cart
35:51 Town Patrol
38:29 Bracer
38:59 Ring Archer Armor
39:07 Iron Casting
38:47 Chain Mail Armor
41:18 Elite Longbowman
42:00 Warwolf
43:22 Halberdier
45:00 Plate Mail Armor
45:48 Blast Furnace
jona_vte_94
0:36 Loom
4:37 Loom
12:21 Feudal Age
13:21 Fishing Lines
17:19 Castle Age
18:49 Double-Bit Axe
19:21 Horse Collar
22:05 Wheelbarrow
21:42 Bow Saw
22:59 Gillnets
26:03 Hand Cart
25:43 Gold Mining
30:19 Imperial Age
28:26 Padded Archer Armor
28:18 Fletching
29:54 Leather Archer Armor
29:34 Bodkin Arrow
30:22 Town Watch
30:39 Heavy Plow
31:05 Ballistics
30:26 Treadmill Crane
30:33 Elite Elephant Archer
30:53 Siege Elephant
32:16 Ring Archer Armor
32:42 Bracer
33:47 Gold Shaft Mining
35:04 Chemistry
33:56 Crossbowman
35:29 Town Patrol
36:30 Two-Man Saw
36:01 Crop Rotation
35:57 Conscription
37:02 Paiks
37:12 Bloodlines
37:04 Husbandry
38:50 Siege Engineers
42:27 Stone Mining
42:36 Murder Holes
45:42 Scale Mail Armor
45:04 Pikeman
45:56 Forging
46:24 Squires
46:09 Gambesons
46:10 Arson
46:22 Halberdier
47:33 Chain Mail Armor
47:53 Iron Casting
Jackou75
0:26 Loom
11:59 Feudal Age
13:33 Town Watch
14:27 Double-Bit Axe
21:46 Castle Age
20:46 Stone Mining
24:56 Fishing Lines
26:12 Gold Mining
27:03 Wheelbarrow
27:04 Scale Barding Armor
27:58 Town Patrol
28:22 Bow Saw
28:48 Forging
34:18 Chain Barding Armor
35:48 Iron Casting
38:48 Imperial Age
39:12 Caravan
38:53 Cavalier
40:37 Paladin
42:23 Blast Furnace
41:59 Plate Barding Armor
42:20 Husbandry
44:44 Hand Cart
電動遊戯
1:52 Loom
13:53 Feudal Age
17:15 Castle Age
15:53 Double-Bit Axe
16:20 Horse Collar
19:02 Bow Saw
19:07 Fervor
27:43 Stone Mining
30:16 Wheelbarrow
32:19 Imperial Age
31:29 Stone Shaft Mining
30:45 Gold Mining
31:10 Caravan
32:04 Gold Shaft Mining
31:47 Hand Cart
32:42 Town Watch
33:08 Fletching
33:23 Scale Barding Armor
33:33 Fortified Wall
33:29 Siege Engineers
34:25 Chemistry
33:46 Ballistics
33:21 Murder Holes
33:37 Masonry
33:33 Heavy Plow
33:44 Town Patrol
34:15 Bodkin Arrow
34:51 Coinage
35:11 Crop Rotation
35:06 Chain Barding Armor
35:30 Conscription
35:11 Double Crossbow
34:32 Elite Ballista Elephant
36:47 Bracer
37:22 Plate Barding Armor
38:51 Hoardings
38:30 Forging
39:09 Tusk Swords
38:39 Capped Ram
39:22 Scale Mail Armor
40:52 Banking
40:02 Siege Ram
43:41 Iron Casting
43:21 Chain Mail Armor
46:00 Devotion
46:11 Redemption
46:22 Sanctity
48:02 Blast Furnace
47:02 Padded Archer Armor
Tio Nacho
6:12 Loom
12:00 Feudal Age
16:39 Castle Age
16:30 Double-Bit Axe
27:41 Bow Saw
28:14 Gold Mining
28:17 Stone Mining
29:10 Horse Collar
32:21 Wheelbarrow
31:35 Town Watch
35:42 Imperial Age
33:31 Hand Cart
33:23 Town Patrol
34:08 Scale Barding Armor
34:13 Forging
34:34 Fortified Wall
36:01 Chain Barding Armor
35:52 Forging
35:58 Svan Towers
35:51 Elite Monaspa
37:30 Plate Barding Armor
37:44 Forging
39:23 Iron Casting
41:54 Aznauri Cavalry
42:16 Conscription
43:33 Blast Furnace
46:11 Capped Ram
47:01 Siege Ram
Faizcafria
0:55 Loom
11:30 Feudal Age
18:15 Castle Age
15:59 Horse Collar
16:27 Double-Bit Axe
16:44 Gold Mining
18:58 Heavy Plow
21:04 Wheelbarrow
22:11 Bow Saw
25:19 Fervor
28:05 Gold Shaft Mining
28:15 Caravan
30:34 Hand Cart
30:16 Town Watch
30:34 Stone Mining
34:19 Imperial Age
33:50 Forging
33:46 Scale Barding Armor
35:35 Iron Casting
35:20 Chain Barding Armor
34:26 Cavalier
35:42 Bloodlines
36:28 Husbandry
35:50 Savar
37:26 Plate Barding Armor
37:52 Blast Furnace
38:18 Conscription
39:08 Stone Shaft Mining
41:27 Fletching
41:38 Padded Archer Armor
41:19 Elite War Elephant
42:13 Elite Skirmisher
43:00 Thumb Ring
43:18 Ballistics
43:59 Chemistry
44:15 Masonry
44:44 Hoardings
44:20 Citadels
43:43 Light Cavalry
44:51 Murder Holes
45:28 Bodkin Arrow
45:48 Leather Archer Armor
dse_dll
0:54 Loom
13:00 Feudal Age
17:47 Castle Age
23:10 Wheelbarrow
22:29 Horse Collar
26:06 Double-Bit Axe
28:09 Bow Saw
31:59 Imperial Age
30:15 Ballistics
30:39 Gold Mining
32:16 Fortified Wall
33:03 Conscription
32:54 Padded Archer Armor
32:44 Fletching
35:12 Leather Archer Armor
34:52 Bodkin Arrow
36:18 Chemistry
37:26 Hand Cart
38:28 Elite Organ Gun
[GDL] Maldito Pantoja
2:28 Loom
Connection lost

Rejoining the realm…

Still unreachable

The connection could not be restored.

Session expired

The server has moved on; the page needs a fresh start.